 Dungeon Crawl Stone Soup version 0.20.1-1-g8b1a95d (webtiles) character file.

180 ArtsTyrian the Covert (level 5, -1/34 HPs)
             Began as an Octopode Assassin on Nov 12, 2017.
             Killed from afar by an orc wizard (9 damage)
             ... with a puff of flame
             ... on level 4 of the Dungeon.
             The game lasted 00:11:12 (2810 turns).

ArtsTyrian the Covert (Octopode Assassin)           Turns: 2810, Time: 00:11:13

Health: -1/34      AC:  1    Str: 10    XL:     5   Next: 60%
Magic:  5/5        EV: 13    Int: 14    God:
Gold:   122        SH:  0    Dex: 14    Spells: 4/4 levels left

rFire    . . .     SeeInvis .   m - +2 mace (crush)
rCold    . . .     Gourm    .   (no shield)
rNeg     . . .     Faith    .   (helmet restricted)
rPois    .         Spirit   .   (no amulet)
rElec    .         Reflect  .   (no ring)
rCorr    .         Harm     .   (no ring)
MR       .....                  (no ring)
Stlth    +++++.....             (no ring)
Regen    0.2/turn               (no ring)
MPRegen  0.1/turn               (no ring)
                                (no ring)
                                (no ring)

@: no status effects
A: almost no armour, stealthy swim, amphibious, 8 rings, constrict 8, camouflage
1, gelatinous body 1
a: no special abilities


You were on level 4 of the Dungeon.
You were not hungry.

You visited 1 branch of the dungeon, and saw 4 of its levels.

You collected 122 gold pieces.

Inventory:

Hand Weapons
 a - a +2 dagger
 b - a +0 blowgun
 m - a +2 mace of crushing (weapon)
 s - a +2 vampiric trident
Missiles
 c - 8 poisoned needles
 d - 2 curare-tipped needles
 k - 4 needles of confusion
Wands
 r - a wand of digging (6/24)
Scrolls
 g - 5 scrolls of identify
 h - 4 scrolls of remove curse
 l - 2 scrolls of magic mapping {unknown}
 o - 2 scrolls of random uselessness {unknown}
 p - a scroll of teleportation {unknown}
 t - a scroll of fear {unknown}
Potions
 e - a potion of invisibility {unknown}
 i - a potion of flight
 j - 2 potions of brilliance {unknown}
 q - 2 potions of magic {unknown}
 u - a potion of heal wounds {unknown}
Comestibles
 f - 4 bread rations
 n - 9 chunks of flesh
 v - a royal jelly


   Skills:
 + Level 2.2 Fighting
 + Level 2.3 Short Blades
 + Level 1.1 Maces & Flails
 - Level 2.0 Throwing
 * Level 2.1 Dodging
 * Level 8.2 Stealth


You had 4 spell levels left.
You didn't know any spells.

Dungeon Overview and Level Annotations

Branches:
Dungeon (4/15)
 Temple: D:4-7

Altars:
Ashenzari
Hepliaklqana


Innate Abilities, Weirdness & Mutations

You cannot wear most types of armour.
You are very stealthy in the water. (Stealth+)
You are amphibious.
You can wear up to eight rings at the same time.
You can use your tentacles to constrict eight enemies at once.
Your skin changes colour to match your surroundings (Stealth+).
Your rubbery body absorbs attacks. (AC +1, EV +1)


Message History

The orc closely misses you.
You hit the orc but do no damage.
The orc is moderately wounded.
You constrict the orc, but do no damage.
The orc hits you with a hand axe.
The orc wizard gestures wildly while chanting.
The orc wizard seems to speed up.
You hit the orc. You squeeze the orc, but do no damage.
The orc is severely wounded.
You constrict the orc, but do no damage.
The orc hits you with a hand axe. The orc hits you with a hand axe!
* * * LOW HITPOINT WARNING * * *
You hit the orc.
You kill the orc!
The orc wizard barely misses you.
You hit the orc wizard. Your grab misses the orc wizard.
The orc wizard is severely wounded.
The orc wizard gestures at you while chanting.
The puff of flame hits you!
You die...

##..........#
#........#
............#
#........#
##.#........#
#........# #
#..#.#####
#.........
#....#.#########
##########
####.#.........#
#..........##.#
#.#.######.##.#
#........##@#
#######..##o#
#...#o# #####o#
#.# #.# #.# #.#


You could see an orc wizard and 2 orcs.

Vanquished Creatures
  2 orc wizards
  4 adders
  2 worms
  A dart slug (D:1)
  A leopard gecko (D:1)
  7 orcs
  5 ball pythons
  5 bats
  3 giant cockroaches
  6 goblins
  5 hobgoblins
  10 jackals
  7 kobolds
  2 quokkas
  3 frilled lizards (D:3)
  5 rats
68 creatures vanquished.

Notes
Turn   | Place    | Note
-------+----------+-------------------------------------------
     0 | D:1      | ArtsTyrian the Octopode Assassin began the quest for the Orb.
     0 | D:1      | Reached XP level 1. HP: 14/14 MP: 1/1
    79 | D:1      | Reached XP level 2. HP: 19/19 MP: 2/2
   144 | D:1      | Reached skill level 6 in Stealth
   683 | D:2      | Reached XP level 3. HP: 12/24 MP: 3/3
   728 | D:2      | HP: 1/24 [poisoned by an adder]
  1161 | D:2      | Reached skill level 7 in Stealth
  1548 | D:2      | Reached XP level 4. HP: 29/29 MP: 4/4
  2242 | D:3      | Found a shattered altar of Ashenzari.
  2500 | D:3      | Found a hazy altar of Hepliaklqana.
  2505 | D:3      | Reached skill level 8 in Stealth
  2505 | D:3      | Reached XP level 5. HP: 34/34 MP: 5/5
  2635 | D:4      | Reached skill level 1 in Maces & Flails
  2810 | D:4      | Killed from afar by an orc wizard

Skill      XL: |  1  2  3  4  5 |
---------------+----------------+-----
Stealth        | 6 7 8 |  8.2
Maces & Flails | 1 |  1.1
Dodging        | 2 |  2.1
Fighting       | |  2.2
Short Blades   | |  2.3
Throwing       | |  2.0

Action                   |  1- 3 |  4- 6 || total
-------------------------+-------+-------++-------
Melee: Dagger            |    63 |    14 ||    77
       Constrict         |    15 |    15 ||    30
       Tentacles         |     7 |    10 ||    17
       Mace              |       |    64 ||    64
  Use: Potion            |     3 |       ||     3
       Scroll            |     2 |       ||     2
 Stab: Sleeping          |     8 |    12 ||    20
  Eat: Royal jelly       |     1 |       ||     1
       Bread ration      |       |     1 ||     1
Armor: Skin              |     3 |     5 ||     8
Dodge: Dodged            |    35 |    55 ||    90
